 Dungeon Crawl Stone Soup version 0.19-a0-1886-gd64a0f0 (webtiles) character file.

152 JeffiDaFish the Firebug (level 5, -1/40 HPs)
             Began as a Draconian Fire Elementalist on Oct 17, 2016.
             Slain by an orc wizard
             ... wielding a +0 dagger
              (5 damage)
             ... on level 3 of the Dungeon.
             The game lasted 00:06:28 (1464 turns).

JeffiDaFish the Firebug (DrFE)                      Turns: 1464, Time: 00:06:30

Health: -1/40      AC:  5    Str: 12    XL:     5   Next: 11%
Magic:  8/9        EV: 12    Int: 15    God:
Gold:   115        SH:  0    Dex: 11    Spells: 2 memorised, 6 levels left

rFire  . . .     SeeInvis .     f - +0 hand axe (vamp)
rCold  . . .     Gourm    .     (armour unavailable)
rNeg   . . .     Faith    .     (no shield)
rPois  .         Spirit   .     (helmet restricted)
rElec  .         Dismiss  .     (no cloak)
rCorr  .         Reflect  .     (no gloves)
MR     .....     Harm     .     (no boots)
Stlth  +++....... Rnd*Tele +    (no amulet)
                                j - ring of stealth
                                e - ring of teleportation

@: lethally poisoned (-1 -> -3)
A: unfitting armour, cold-blooded, AC +5
a: no special abilities


You were on level 3 of the Dungeon.
You were not hungry.

You visited 1 branch of the dungeon, and saw 3 of its levels.

You collected 115 gold pieces.

Inventory:

Hand Weapons
 f - a +0 vampiric hand axe (weapon)
Jewellery
 e - a ring of teleportation (left hand)
 j - a ring of stealth (right hand)
 n - an uncursed ring of fire {unknown}
Wands
 m - a wand of flame (26/48)
Potions
 h - a potion of might
 l - a potion of magic
Books
 a - a book of Flames

   Spells                             Type                      Level
   a - Flame Tongue                   Conjuration/Fire             1
   b - Throw Flame                    Conjuration/Fire             2
   c - Conjure Flame                  Conjuration/Fire             3
   d - Inner Flame                    Hexes/Fire                   3
   e - Sticky Flame                   Conjuration/Fire             4
   f - Fireball                       Conjuration/Fire             5
Comestibles
 b - a bread ration
 c - 2 meat rations
 d - a slice of pizza
 g - 2 fruits
 k - 3 chunks of flesh


   Skills:
 + Level 1.0 Fighting
 + Level 1.2 Axes
 + Level 2.4 Dodging
 + Level 2.3 Stealth
 * Level 2.7 Spellcasting
 * Level 2.3 Conjurations
 + Level 3.7 Fire Magic


You had 6 spell levels left.
You knew the following spells:

 Your Spells              Type           Power        Failure   Level  Hunger
a - Flame Tongue          Conj/Fire      ##...        8%          1    #......
b - Throw Flame           Conj/Fire      ##....       12%         2    ##.....


Dungeon Overview and Level Annotations

Branches:
Dungeon (3/15)

Altars:


Innate Abilities, Weirdness & Mutations

Your plain brown scales are hard. (AC +5)
You cannot fit into any form of body armour.
You are cold-blooded and may be slowed by cold attacks.


Message History

Something hits you but does no damage.
You closely miss something. Something hits you.
You closely miss something.
You feel sick.
You hear some strange, mumbled words.
A puff of flame appears from out of thin air!
The puff of flame hits you! Something hits you but does no damage.
You hit something. Something hits you.
* * * LOW HITPOINT WARNING * * *
Something hits you but does no damage.
Some of the chunks of flesh in your inventory have rotted away.
You closely miss something. Something completely misses you.
Something hits you.
* * * LOW HITPOINT WARNING * * *
You barely miss something.
You hear some strange, mumbled words.
A magic dart appears from out of thin air!
The magic dart hits you!
* * * LOW HITPOINT WARNING * * *
Something hits you.
You die...

##...# ####.## ##.....
....... #...... .......
#######...... .r.....
............. .o<....
##########.....). .......
#..........##....
.......######..<...)...###[##
........roo{@...>......##..#
#############..........##.##
#####.#######.# #.######..#
#.##.....#### #.#.....#....
#..........(. #............ #
#............


You could see 2 orcs and a quokka.

Vanquished Creatures
  2 orc wizards (D:3)
  A worker ant (D:3)
  2 adders (D:3)
  2 worms (D:3)
  A dart slug (D:1)
  A leopard gecko (D:3)
  4 orcs (D:3)
  A giant cockroach (D:1)
  3 hobgoblins
  3 jackals (D:3)
  8 kobolds
  A ball python (D:3)
  4 bats
  3 frilled lizards
  7 rats
43 creatures vanquished.

Notes
Turn   | Place    | Note
-------+----------+-------------------------------------------
     0 | D:1      | JeffiDaFish the Draconian Fire Elementalist began the quest for the Orb.
     0 | D:1      | Reached XP level 1. HP: 14/14 MP: 3/3
   201 | D:1      | Reached XP level 2. HP: 15/20 MP: 5/5
   650 | D:2      | Learned a level 2 spell: Throw Flame
   767 | D:2      | You fall through a shaft!
   960 | D:3      | Reached XP level 3. HP: 23/27 MP: 0/6
  1135 | D:3      | Reached XP level 4. HP: 34/34 MP: 7/7
  1184 | D:3      | Reached skill level 1 in Fighting
  1206 | D:3      | Reached skill level 1 in Axes
  1251 | D:3      | Reached XP level 5. HP: 29/40 MP: 5/9
  1464 | D:3      | Slain by an orc wizard

Vault maps used:
D:1:      dpeg_arrival_tiny_b
D:2:      uniq_terence

Skill      XL: |  1  2  3  4 |
---------------+-------------+-----
Dodging        | 2 |  2.4
Stealth        | 2 |  2.3
Conjurations   | 2 |  2.3
Fighting       | 1 |  1.0
Axes           | 1 |  1.2
Spellcasting   | |  2.7
Fire Magic     | |  3.7

Action                   |  1- 3 |  4- 6 || total
-------------------------+-------+-------++-------
Melee: Unarmed           |    12 |       ||    12
       Tailslap          |     9 |     4 ||    13
       Hand axe          |    66 |    70 ||   136
 Cast: Flame Tongue      |    18 |    13 ||    31
       Throw Flame       |     3 |       ||     3
  Use: Potion            |     5 |     1 ||     6
       Scroll            |     6 |     1 ||     7
 Stab: Sleeping          |     7 |       ||     7
  Eat: Meat ration       |     1 |       ||     1
       Chunk             |     1 |     1 ||     2
Armor: Skin              |    28 |    32 ||    60
Dodge: Dodged            |    76 |    46 ||   122
